Map: Oxide LE

Players

ViBE

  • Race: Protoss Protoss
  • League: Bronze
  • Spawn Location: 7:00

BrightHammer - Winner!

  • Race: Zerg Zerg
  • League: Master
  • Spawn Location: 1:00

VOD

https://www.youtube.com/watch?v=VjhJ7E-kFgw&list=PLFeZeom2b4DnD3FIu7pzkXl51JX_WWz2h&index=2

Description

Time

  • Played on: March 9, 2021, 9:15 p.m.
  • Length: 13:22
Show
View Real Time Build Order
Export as new Build Order

ViBE Protoss 

Build Orders: 1 Gate Expand 

Get SALT Encoding   

  12  0:01  Probe  
  13  0:13  Probe  
  14  0:22  Pylon  
  14  0:25  Probe  
  15  0:43  Gateway  
  15  0:51  Probe  
  16  1:05  Probe  
  17  1:11  Nexus  
  17  1:19  Probe  
  17  1:20  Assimilator  
  18  1:31  Probe  
  19  1:38  Cybernetics Core  
  19  1:43  Probe  
  20  1:53  Assimilator  
  20  1:55  Probe  
  20  1:59  Pylon  
  21  2:07  Probe  
  22  2:19  Probe  
  23  2:31  Probe (Chrono Boost)  
  23  2:32  Probe (Chrono Boost)  
  23  2:33  Stalker  
  23  2:34  Warp Gate  
  27  2:43  Probe (Chrono Boost)  
  27  2:44  Probe (Chrono Boost)  
  29  2:46  Robotics Facility  
  29  2:47  Gateway  
  29  2:48  Probe (Chrono Boost)  
  29  2:50  Probe (Chrono Boost)  
  30  2:58  Probe  
  32  2:59  Pylon  
  32  3:02  Probe  
  33  3:06  Stalker  
  33  3:10  Probe (Chrono Boost)  
  36  3:17  Probe (Chrono Boost)  
  37  3:22  Probe (Chrono Boost)  
  37  3:27  Probe (Chrono Boost)  
  39  3:28  Probe (Chrono Boost)  
  39  3:32  Probe  
  41  3:36  Observer  
  41  3:37  Probe (Chrono Boost)  
  41  3:39  Stalker  
  45  3:43  Stalker  
  45  3:44  Probe (Chrono Boost)  
  49  3:49  Probe (Chrono Boost)  
  49  3:53  Probe (Chrono Boost)  
  50  3:58  Immortal  
  54  4:07  Nexus  
  54  4:08  Probe  
  54  4:10  Probe  
  50  4:20  Probe  
  50  4:22  Probe  
  50  4:23  Stalker x2  
  51  4:45  Pylon  
  51  4:48  Assimilator  
  51  4:49  Assimilator, Pylon  
  51  4:52  Pylon  
  51  4:55  Stalker  
  51  4:57  Probe (Chrono Boost)  
  54  5:05  Probe (Chrono Boost)  
  55  5:08  Probe (Chrono Boost)  
  55  5:09  Stalker  
  55  5:10  Probe (Chrono Boost), Immortal  
  63  5:14  Probe  
  63  5:19  Stalker, Probe  
  67  5:26  Probe x2  
  69  5:31  Probe  
  69  5:33  Stalker  
  72  5:39  Probe x2  
  72  5:42  Stalker  
  76  5:43  Probe  
  76  5:49  Immortal  
  77  5:52  Probe x2  
  77  5:55  Probe  
  68  5:58  Stalker  
  68  6:04  Probe (Chrono Boost)  
  68  6:05  Stalker, Probe (Chrono Boost)  
  68  6:07  Probe (Chrono Boost)  
  65  6:16  Probe (Chrono Boost)  
  65  6:17  Probe (Chrono Boost)  
  66  6:18  Pylon  
  66  6:21  Stalker  
  66  6:25  Probe x3 (Chrono Boost)  
  63  6:29  Stalker, Immortal  
  68  6:34  Probe (Chrono Boost)  
  68  6:35  Probe (Chrono Boost)  
  68  6:36  Probe (Chrono Boost)  
  71  6:44  Stalker  
  71  6:45  Probe x3 (Chrono Boost)  
  76  6:50  Probe x3 (Chrono Boost)  
  79  6:58  Stalker  
  82  7:01  Probe x2  
  82  7:02  Probe  
  82  7:08  Immortal  
  88  7:15  Stalker, Probe  
  89  7:16  Probe x2  
  89  7:21  Nexus  
  92  7:23  Pylon  
  92  7:26  Pylon  
  92  7:31  Probe x3  
  92  7:32  Stalker  
  92  7:36  Assimilator  
  92  7:37  Assimilator, Gateway  
  97  7:38  Gateway  
  97  7:40  Gateway  
  97  7:41  Gateway  
  97  7:45  Stalker  
  99  7:54  Gateway x2  
  99  7:57  Gateway  
  97  7:59  Gateway  
  97  8:04  Probe x3  
  97  8:05  Forge  
  100  8:07  Twilight Council  
  100  8:16  Immortal  
  100  8:18  Stalker x2  
  108  8:22  Pylon  
  108  8:26  Pylon  
  108  8:29  Pylon  
  108  8:30  Pylon  
  108  8:31  Pylon  
  108  8:34  Probe x2  
  108  8:35  Probe x2  
  108  8:39  Protoss Ground Weapons Level 1  
  112  8:49  Stalker x3  
  112  8:50  Stalker x2  
  112  8:52  Stalker  
  112  8:54  Probe  
  112  8:55  Probe  
  126  8:56  Probe  
  126  8:57  Probe  
  127  9:21  Stalker x2  
  127  9:22  Stalker x4  
  127  9:23  Stalker x3  
  127  9:24  Stalker  
  131  9:25  Probe  
  131  9:26  Probe x3  
  109  9:42  Nexus  
  109  9:44  Probe x3  
  111  9:47  Stalker x3  
  111  9:49  Stalker  
  111  9:52  Stalker  
  121  9:55  Stalker  
  123  10:02  Pylon  
  123  10:07  Assimilator x2, Probe  
  123  10:08  Probe x3  
  123  10:19  Probe  
  123  10:20  Probe x3  
  121  10:23  Pylon  
  120  10:31  Probe  
  120  10:32  Pylon, Probe x2  
  120  10:33  Probe  
  123  10:35  Pylon  
  122  10:43  Stalker x3  
  122  10:44  Stalker x3, Probe  
  111  10:51  Pylon  
  111  10:56  Gateway, Probe x4  
  105  11:08  Probe x4  
  109  11:20  Stalker x2, Probe x4  
  109  11:21  Stalker x2  
  109  11:24  Stalker  
  123  11:32  Probe  
  115  11:37  Probe x3  
  108  11:40  Nexus  
  108  11:44  Assimilator  
  108  11:46  Probe  
  109  11:49  Probe x3  
  109  11:54  Pylon  
  112  11:58  Probe  
  112  11:59  Stalker  
  112  12:00  Stalker  
  117  12:01  Probe x3  
  117  12:03  Stalker  
  117  12:07  Stalker  
  124  12:10  Stalker, Probe  
  127  12:16  Probe x3  
  130  12:26  Pylon  
  107  12:32  Stalker  
  107  12:33  Stalker x4  
  117  12:38  Stalker  
  117  12:42  Probe x4  
  91  12:54  Probe x3  
  91  12:55  Nexus  
  76  13:03  Pylon  
  61  13:06  Probe x3  
Show
View Real Time Build Order
Export as new Build Order

BrightHammer Zerg - Winner!

Build Orders: Hatch First, Muta Ling Bane 

Get SALT Encoding   

  12  0:01  Drone  
  13  0:13  Overlord  
  13  0:18  Drone  
  14  0:32  Drone x2  
  14  0:35  Drone  
  17  0:52  Hatchery  
  17  0:55  Drone  
  17  0:58  Drone  
  18  1:09  Extractor  
  17  1:14  Spawning Pool  
  17  1:16  Drone  
  17  1:19  Drone  
  18  1:28  Drone  
  19  1:44  Overlord  
  19  1:52  Drone  
  20  2:01  Queen  
  20  2:04  Queen  
  20  2:06  Drone x2  
  26  2:12  Drone  
  27  2:15  Metabolic Boost  
  27  2:18  Drone  
  28  2:23  Drone  
  28  2:29  Drone  
  30  2:35  Drone  
  31  2:38  Overlord  
  31  2:39  Queen  
  31  2:42  Queen  
  35  2:47  Overlord  
  35  2:57  Drone x2  
  37  3:01  Drone  
  38  3:15  Zergling x6  
  38  3:16  Zergling x2  
  38  3:18  Hatchery  
  41  3:22  Zergling x6  
  45  3:28  Drone  
  46  3:34  Hatchery  
  46  3:39  Drone x2  
  47  3:55  Drone x5  
  52  3:56  Overlord x2  
  52  4:09  Overlord x2  
  52  4:17  Drone x3  
  52  4:18  Lair  
  52  4:21  Extractor  
  49  4:26  Zergling x8  
  52  4:35  Extractor, Drone  
  52  4:37  Extractor  
  51  4:39  Zergling x2  
  53  4:45  Drone  
  53  4:56  Queen  
  55  5:05  Zergling x8  
  55  5:06  Zergling x10  
  63  5:14  Drone x4, Evolution Chamber  
  63  5:15  Evolution Chamber  
  65  5:33  Spire  
  65  5:35  Drone x9, Hatchery  
  72  5:40  Baneling Nest  
  71  5:48  Drone x5  
  73  5:55  Overlord x2  
  72  6:04  Zerg Melee Weapons Level 1, Zerg Ground Armor Level 1  
  70  6:09  Extractor  
  70  6:10  Extractor  
  66  6:12  Drone x4  
  66  6:16  Burrow  
  69  6:26  Drone x7  
  72  6:38  Centrifical Hooks  
  71  6:40  Overlord x3  
  71  6:53  Zergling x10  
  71  6:54  Zergling x8  
  80  6:56  Queen  
  82  7:07  Drone x7  
  89  7:09  Zerg Flyer Weapons Level 1  
  89  7:23  Overlord x4  
  89  7:27  Extractor x2, Mutalisk x2  
  89  7:28  Mutalisk  
  93  7:37  Drone x8  
  100  7:45  Mutalisk x2  
  100  7:46  Mutalisk x2  
  103  7:51  Mutalisk x2  
  103  7:58  Overseer  
  104  8:00  Mutalisk x3  
  104  8:04  Zerg Melee Weapons Level 2  
  110  8:14  Drone x4  
  114  8:22  Zergling x2  
  114  8:23  Zergling x16  
  123  8:28  Zerg Ground Armor Level 2  
  123  8:31  Hatchery  
  123  8:32  Infestation Pit  
  121  8:43  Overlord x3  
  121  8:44  Overlord x3  
  121  8:46  Zergling x6  
  121  8:47  Zergling x2  
  125  8:50  Baneling  
  125  8:51  Baneling x5  
  125  8:52  Zergling x2  
  126  9:09  Zergling x20  
  138  9:10  Zergling x4  
  138  9:20  Zergling x2  
  138  9:21  Zergling x10  
  130  9:33  Zerg Flyer Weapons Level 2  
  130  9:37  Spire  
  130  9:38  Zergling x20  
  134  9:45  Zergling x6  
  132  10:02  Zergling x6  
  132  10:03  Zergling x14  
  142  10:11  Baneling  
  142  10:12  Zergling x4, Baneling x4  
  142  10:13  Zergling x6  
  143  10:16  Hive  
  143  10:27  Zergling x2  
  143  10:28  Zergling x22  
  155  10:39  Zergling x10  
  156  10:51  Zergling x16  
  151  10:59  Zergling x6  
  144  11:11  Mutalisk x8  
  160  11:27  Adrenal Glands  
  160  11:31  Baneling, Mutalisk x11  
  176  11:40  Drone x3  
  174  11:49  Ultralisk Cavern  
  174  11:53  Baneling x13  
  174  11:54  Baneling x25  
  170  12:11  Hatchery  
  169  12:18  Zergling x18  
  169  12:19  Zergling x18  
  169  12:20  Extractor x2  
  153  12:33  Zergling x20  
  163  12:39  Zergling x8  
  167  12:48  Zergling x8  
  171  12:55  Zergling x8  
Tags
 
Composition
Muta Ling Bane
Matchup
PvZ
Player
ViBE
Replay Pack
Bronze_League
Spawn Locations
Cross Positions
Add a new tag
Caveats
  • Supply blocks, unpowered buildings, or Contaminate may cause inaccurate times.
  • Supply counts are checked every 10 seconds.